 Dungeon Crawl Stone Soup version 0.26.0-45-g9c1d065592 (webtiles) character file.

Game seed: 15079083320265671033

11183 promet the Martial Artist (level 11, -1/89 HPs)
             Began as a Gnoll Monk on Jan 31, 2021.
             Was a Follower of Uskayaw.
             Splashed by a jelly's acid (7 damage)
             ... on level 10 of the Dungeon.
             The game lasted 02:10:19 (14925 turns).

promet the Martial Artist (Gnoll Monk)             Turns: 14925, Time: 02:10:20

Health: -1/89      AC: -7    Str: 14    XL:     11   Next: 73%
Magic:  20/20      EV: 12    Int: 14    God:    Uskayaw [*.....]
Gold:   466        SH:  7    Dex: 25    Spells: 17/23 levels left

rFire    . . .     SeeInvis .     - Unarmed
rCold    . . .     Faith    .   w - +0 buckler
rNeg     . . .     Spirit   .   N - +0 chain mail
rPois    .         Reflect  .   (no helmet)
rElec    .         Harm     .   q - scarf {shadows}
rCorr    .         Rampage  .   o - +1 pair of gloves
Will     +....                  (no boots)
Stlth    +.........             C - amulet of the acrobat
HPRegen  0.24/turn              p - ring of willpower
MPRegen  0.17/turn              v - +6 ring of dexterity

@: corroded
A: distributed training, fangs 1, strong nose
a: Renounce Religion, Stomp


You were on level 10 of the Dungeon.
You worshipped Uskayaw.
Uskayaw was noncommittal.
You visited 1 branch of the dungeon, and saw 11 of its levels.
You also visited: Ossuary.

You collected 928 gold pieces.
You spent 462 gold pieces at shops.

Inventory:

Hand Weapons
 a - a +3 dagger
 b - a +0 hunting sling
 g - a +6 battleaxe
 n - a +5 morningstar
 s - a +5 trident of freezing
 y - a +3 dagger of chaos
 A - a +2 rapier of flaming
 F - a +3 long sword
 L - a +0 dagger of venom
Missiles
 c - 154 arrows
 d - 10 curare-tipped darts (quivered)
 f - 52 sling bullets
 i - 303 stones
 k - 8 poisoned darts
 m - 43 bolts
 I - 8 boomerangs
Armour
 o - a +1 pair of gloves (worn)
 q - a scarf of shadows (worn)
 t - +0 steam dragon scales
 w - a +0 buckler (worn)
 N - a +0 chain mail (worn)
Jewellery
 e - an uncursed amulet of magic regeneration
 j - an uncursed ring of flight
 p - a ring of willpower (left hand)
 v - a +6 ring of dexterity (right hand)
 C - an amulet of the acrobat (around neck)
 J - an uncursed ring of see invisible
 M - an uncursed amulet of faith
Wands
 z - a wand of enslavement (5)
 B - a wand of paralysis (2)
 D - a wand of random effects (9)
 E - a wand of polymorph (3)
 G - a wand of flame (13)
 H - a wand of acid (19)
Scrolls
 h - 2 scrolls of magic mapping
 l - 6 scrolls of remove curse
 r - a scroll of teleportation
 K - 3 scrolls of identify
Potions
 x - a potion of brilliance


   Skills:
 + Level 9.3 Fighting
 + Level 6.5 Short Blades
 + Level 6.5 Long Blades
 + Level 6.5 Axes
 + Level 6.5 Maces & Flails
 + Level 6.5 Polearms
 + Level 6.5 Staves
 + Level 6.5 Slings
 + Level 6.5 Bows
 + Level 6.5 Crossbows
 + Level 6.5 Throwing
 + Level 6.5 Armour
 + Level 9.3 Dodging
 + Level 7.9 Stealth
 + Level 6.5 Shields
 + Level 9.3 Unarmed Combat
 + Level 6.5 Spellcasting
 + Level 5.4 Conjurations
 + Level 5.4 Hexes
 + Level 5.4 Summonings
 + Level 5.4 Necromancy
 + Level 5.4 Translocations
 + Level 5.4 Transmutations
 + Level 5.4 Fire Magic
 + Level 5.4 Ice Magic
 + Level 5.4 Air Magic
 + Level 5.4 Earth Magic
 + Level 5.4 Poison Magic
 + Level 7.2 Invocations
 + Level 6.5 Evocations


You had 17 spell levels left.
You knew the following spells:

 Your Spells              Type           Power        Failure   Level
a - Confusing Touch       Hex            9%           65%         3
b - Gell's Gravitas       Tloc           4%           65%         3

Your spell library contained the following spells:

 Spells                   Type           Power        Failure   Level
 Petrify                  Tmut/Erth      9%           96%         4
 Metabolic Englaciation   Hex/Ice        4%           100%        5
 Yara's Violent Unravell  Hex/Tmut       4%           100%        5


Dungeon Overview and Level Annotations

Branches:
Dungeon (11/15)            Temple (0/1) D:4             Orc (0/2) D:9
Ossuary (visited)
   Lair: D:8-11

Altars:
Cheibriados
Dithmenos
Trog
Uskayaw
Vehumet

Shops:
D:4 [   D:7 =


Innate Abilities, Weirdness & Mutations

Your experience applies equally to all skills.
You have very sharp teeth.
Your uncanny sense of smell can sniff out nearby items.


Message History

The jelly barely misses you. The orc closely misses you.
You hit the jelly but do no damage. The acid corrodes you!
Your hands burn!
* * * LOW HITPOINT WARNING * * *
The jelly is heavily wounded.
The jelly hits you.
* * * LOW HITPOINT WARNING * * *
You are splashed with acid.
* * * LOW HITPOINT WARNING * * *
You block the orc's attack.
You hit the jelly but do no damage.
Your hands burn!
* * * LOW HITPOINT WARNING * * *
The jelly is heavily wounded.
The jelly hits you.
* * * LOW HITPOINT WARNING * * *
You are splashed with acid!
* * * LOW HITPOINT WARNING * * *
You feel better. You block the orc's attack. The jelly hits you.
* * * LOW HITPOINT WARNING * * *
You are splashed with acid!
You die...

#.#########...## #.#
#.......# #########
#.# #.....#.#
#........ #.#
#.....#.# #.######.
#.# #.....#.# #.# #.
#># #.....#.# #.# ##
#.# #.....#.# #.#
#.# #..J..#.# #.#
#.# #..@..#.#
#.####### #.#
#..o#.#.# #........
#.# #.###.#.#
######### ######.#
#.....#.# #.....
#....#.###
#######.#######.###.
#.##.#...#
#..........##.
#.#....#.#
#########....<
#.####.#.# ##....
#........# ##...


You could see a jelly and an orc.

Vanquished Creatures
  A two-headed ogre (D:9)
  Sonja (D:10)
  Nergalle (D:10)
  Pikel (D:5)
  A cyclops (D:9)
  Psyche (D:10)
  Maggie (D:9)
  A troll (D:9)
  Sigmund (D:6)
  11 yaks (D:10)
  5 humans (D:10)
  Edmund (D:6)
  Duvessa (D:6)
  A water moccasin (D:10)
  An ice beast (D:9)
  2 black bears (D:7)
  4 phantoms
  8 orc warriors
  5 ogres
  A necrophage (D:7)
  3 centaurs
  2 lemures (D:5)
  3 big kobolds (D:9)
  5 bullfrogs
  A gnoll sergeant (D:9)
  2 scorpions
  Dowan (D:6)
  A water moccasin skeleton (D:8)
  6 killer bees (D:7)
  9 wights
  3 howler monkeys
  A bullfrog zombie (D:10)
  A quasit (D:8)
  4 hounds
  3 orc priests
  2 jellies
  2 bullfrog skeletons
  An iguana (D:9)
  11 orc wizards
  7 worker ants
  A big kobold zombie (Ossuary)
  A hound zombie (D:9)
  A hound skeleton (D:7)
  8 mummies (Ossuary)
  A worker ant zombie (D:8)
  8 gnolls
  13 adders
  3 shadow imps
  A white imp (D:5)
  An ufetubus (D:7)
  2 oozes
  An adder zombie (D:7)
  2 adder skeletons
  3 worms
  2 dart slugs
  4 leopard geckos
  39 orcs
  2 ball pythons
  9 bats
  8 giant cockroaches
  9 goblins
  7 hobgoblins
  5 jackals
  4 kobolds
  5 quokkas
  2 frilled lizards
  A gnoll zombie (Ossuary)
  A hobgoblin zombie (Ossuary)
  A jackal skeleton (D:3)
  A jackal zombie (D:4)
  A kobold zombie (Ossuary)
  4 orc zombies (Ossuary)
  11 rats
279 creatures vanquished.

Vanquished Creatures (others)
  6 plants (D:3)
6 creatures vanquished.

Grand Total: 285 creatures vanquished

Notes
Turn   | Place    | Note
-------+----------+-------------------------------------------
     0 | D:1      | promet the Gnoll Monk began the quest for the Orb.
     0 | D:1      | Reached XP level 1. HP: 23/23 MP: 1/1
   289 | D:1      | Reached XP level 2. HP: 27/29 MP: 2/2
   754 | D:2      | Reached XP level 3. HP: 35/35 MP: 3/3
  1072 | D:2      | Reached skill level 1 in Invocations
  1110 | D:2      | Reached skill level 1 in Short Blades
  1110 | D:2      | Reached skill level 1 in Long Blades
  1110 | D:2      | Reached skill level 1 in Axes
  1110 | D:2      | Reached skill level 1 in Maces & Flails
  1110 | D:2      | Reached skill level 1 in Polearms
  1110 | D:2      | Reached skill level 1 in Staves
  1110 | D:2      | Reached skill level 1 in Slings
  1110 | D:2      | Reached skill level 1 in Bows
  1110 | D:2      | Reached skill level 1 in Crossbows
  1110 | D:2      | Reached skill level 1 in Throwing
  1110 | D:2      | Reached skill level 1 in Armour
  1110 | D:2      | Reached skill level 1 in Shields
  1110 | D:2      | Reached skill level 1 in Spellcasting
  1110 | D:2      | Reached skill level 1 in Evocations
  1145 | D:2      | You fall into a shaft and drop 1 floor!
  1163 | D:3      | Reached XP level 4. HP: 33/41 MP: 5/5
  1325 | D:3      | Reached skill level 1 in Conjurations
  1325 | D:3      | Reached skill level 1 in Hexes
  1325 | D:3      | Reached skill level 1 in Summonings
  1325 | D:3      | Reached skill level 1 in Necromancy
  1325 | D:3      | Reached skill level 1 in Translocations
  1325 | D:3      | Reached skill level 1 in Transmutations
  1325 | D:3      | Reached skill level 1 in Fire Magic
  1325 | D:3      | Reached skill level 1 in Ice Magic
  1325 | D:3      | Reached skill level 1 in Air Magic
  1325 | D:3      | Reached skill level 1 in Earth Magic
  1325 | D:3      | Reached skill level 1 in Poison Magic
  1653 | D:3      | Reached XP level 5. HP: 41/47 MP: 6/6
  2083 | D:4      | Found a sand-covered staircase.
  2161 | D:4      | Found Wiag's Armour Shoppe.
  2167 | D:4      | Bought a scarf of shadows for 132 gold pieces
  2206 | Ossuary  | Entered an ossuary
  2573 | Ossuary  | Reached XP level 6. HP: 53/53 MP: 8/8
  2912 | D:4      | Found a snail-covered altar of Cheibriados.
  3211 | D:4      | Noticed a phantom
  3537 | D:4      | Killed a phantom
  3538 | D:4      | Reached XP level 7. HP: 50/59 MP: 10/10
  3681 | D:4      | Found a hide-covered altar of Uskayaw.
  3687 | D:4      | Became a worshipper of Uskayaw the Reveller
  3687 | D:4      | Reached * piety under Uskayaw
  3729 | D:4      | Found a staircase to the Ecumenical Temple.
  3863 | D:4      | Reached ** piety under Uskayaw
  4335 | D:5      | Entered Level 5 of the Dungeon
  4731 | D:5      | Noticed Pikel
  4767 | D:5      | Killed Pikel
  4768 | D:5      | Reached skill level 5 in Stealth
  4768 | D:5      | Reached XP level 8. HP: 67/67 MP: 10/12
  4768 | D:5      | Reached *** piety under Uskayaw
  5821 | D:6      | Noticed Sigmund
  5825 | D:6      | Killed Sigmund
  6689 | D:6      | Noticed Dowan
  6691 | D:6      | Noticed Duvessa
  6694 | D:6      | Killed Dowan
  6712 | D:6      | Killed Duvessa
  6713 | D:6      | Reached XP level 9. HP: 40/73 MP: 14/14
  6912 | D:6      | Noticed Edmund
  6919 | D:6      | Killed Edmund
  7302 | D:7      | Found Metull's Jewellery Boutique.
  7454 | D:7      | Bought an uncursed amulet of the acrobat for 330 gold
                  | pieces
  9254 | D:7      | Reached skill level 5 in Invocations
  9593 | D:7      | Reached **** piety under Uskayaw
  9903 | D:7      | Reached XP level 10. HP: 79/80 MP: 17/17
 10063 | D:8      | Reached skill level 5 in Short Blades
 10063 | D:8      | Reached skill level 5 in Long Blades
 10063 | D:8      | Reached skill level 5 in Axes
 10063 | D:8      | Reached skill level 5 in Maces & Flails
 10063 | D:8      | Reached skill level 5 in Polearms
 10063 | D:8      | Reached skill level 5 in Staves
 10063 | D:8      | Reached skill level 5 in Slings
 10063 | D:8      | Reached skill level 5 in Bows
 10063 | D:8      | Reached skill level 5 in Crossbows
 10063 | D:8      | Reached skill level 5 in Throwing
 10063 | D:8      | Reached skill level 5 in Armour
 10063 | D:8      | Reached skill level 5 in Shields
 10063 | D:8      | Reached skill level 5 in Spellcasting
 10063 | D:8      | Reached skill level 5 in Evocations
 11077 | D:9      | Noticed a two-headed ogre
 11102 | D:9      | Killed a two-headed ogre
 11140 | D:9      | Found a bloodstained altar of Trog.
 11144 | D:9      | Found a shadowy altar of Dithmenos.
 11209 | D:9      | Learned a level 3 spell: Confusing Touch
 11213 | D:9      | Learned a level 3 spell: Gell's Gravitas
 11236 | D:9      | Found a radiant altar of Vehumet.
 11414 | D:9      | Noticed a cyclops
 11417 | D:9      | Killed a cyclops
 11438 | D:9      | Noticed Maggie
 11465 | D:9      | Killed Maggie
 11796 | D:9      | Found a staircase to the Orcish Mines.
 12553 | D:9      | Reached XP level 11. HP: 87/87 MP: 19/19
 12925 | D:10     | Entered Level 10 of the Dungeon
 13048 | D:10     | Noticed Psyche
 13179 | D:10     | Noticed Sonja
 13181 | D:10     | Reached skill level 5 in Conjurations
 13181 | D:10     | Reached skill level 5 in Hexes
 13181 | D:10     | Reached skill level 5 in Summonings
 13181 | D:10     | Reached skill level 5 in Necromancy
 13181 | D:10     | Reached skill level 5 in Translocations
 13181 | D:10     | Reached skill level 5 in Transmutations
 13181 | D:10     | Reached skill level 5 in Fire Magic
 13181 | D:10     | Reached skill level 5 in Ice Magic
 13181 | D:10     | Reached skill level 5 in Air Magic
 13181 | D:10     | Reached skill level 5 in Earth Magic
 13181 | D:10     | Reached skill level 5 in Poison Magic
 13206 | D:10     | Killed Sonja
 14161 | D:10     | Killed Psyche
 14245 | D:10     | Noticed Nergalle
 14261 | D:10     | Killed Nergalle
 14522 | D:10     | Reached ***** piety under Uskayaw
 14924 | D:10     | HP: 1/89 [acid (7)]
 14925 | D:10     | Splashed by a jelly's acid

Illustrated notes

Levels and vault maps discovered:
D:1:      amcnicky_arrival_choice, layout_rooms
D:2:      layout_rooms, grunt_temple_overflow_order_and_chaos_2,
          grunt_ministairs_10, minmay_misc_feat_diagonals,
          kennysheep_generic_room_5
D:3:      layout_rooms, serial_forest, infiniplex_forest_pool,
          infiniplex_forest_straight_2, infiniplex_forest_lined_corner,
          infiniplex_forest_end_1, infiniplex_forest_clump_large,
          infiniplex_forest_lined_corner, infiniplex_forest_straight_3,
          infiniplex_forest_clump_curved, infiniplex_forest_clump_small
D:4:      kennysheep_the_goblin_king, layout_loops_corners, cheibriados_altar_1,
          marbit_many_paths, temple_statues,
          nicolae_ossuary_entry_false_entrances, serial_shops, shop,
          minmay_misc_feat_five, grunt_decor_arrowhead
D:5:      layout_basic, uniq_pikel
D:6:      layout_basic, uniq_edmund, uniq_duvessa, uniq_sigmund
D:7:      layout_basic, serial_shops, shop_fountains, grunt_ministairs_9,
          minmay_misc_feat_room
D:8:      layout_rooms
D:9:      layout_roguey, nicolae_overflow_hidden_temple,
          kennysheep_orc_monster_closet_entryway, basic_altar, uniq_maggie
D:10:     erik_cavepeople, layout_basic, uniq_sonja, uniq_nergalle
D:11:     layout_basic, david_lair_shrubbed, enter_bailey_3

Skill      XL: |  1  2  3  4  5  6  7  8  9 10 11 |
---------------+----------------------------------+-----
Invocations    | 1 2 3 4 5 6 7 |  7.2
Short Blades   | 1 2 3 4 5 6 |  6.5
Long Blades    | 1 2 3 4 5 6 |  6.5
Axes           | 1 2 3 4 5 6 |  6.5
Maces & Flails | 1 2 3 4 5 6 |  6.5
Polearms       | 1 2 3 4 5 6 |  6.5
Staves         | 1 2 3 4 5 6 |  6.5
Slings         | 1 2 3 4 5 6 |  6.5
Bows           | 1 2 3 4 5 6 |  6.5
Crossbows      | 1 2 3 4 5 6 |  6.5
Throwing       | 1 2 3 4 5 6 |  6.5
Armour         | 1 2 3 4 5 6 |  6.5
Shields        | 1 2 3 4 5 6 |  6.5
Spellcasting   | 1 2 3 4 5 6 |  6.5
Evocations     | 1 2 3 4 5 6 |  6.5
Conjurations   | 1 2 3 4 5 |  5.4
Hexes          | 1 2 3 4 5 |  5.4
Summonings     | 1 2 3 4 5 |  5.4
Necromancy     | 1 2 3 4 5 |  5.4
Translocations | 1 2 3 4 5 |  5.4
Transmutations | 1 2 3 4 5 |  5.4
Fire Magic     | 1 2 3 4 5 |  5.4
Ice Magic      | 1 2 3 4 5 |  5.4
Air Magic      | 1 2 3 4 5 |  5.4
Earth Magic    | 1 2 3 4 5 |  5.4
Poison Magic   | 1 2 3 4 5 |  5.4
Fighting       | 7 8 9 |  9.3
Dodging        | 7 8 9 |  9.3
Unarmed Combat | 7 8 9 |  9.3
Stealth        | 5 6 7 |  7.9

Action                   |  1- 3 |  4- 6 |  7- 9 | 10-12 || total
-------------------------+-------+-------+-------+-------++-------
Melee: Unarmed           |    89 |   171 |   428 |   410 ||  1098
       Bite              |     6 |    22 |    62 |    86 ||   176
       Punch             |     2 |     4 |    11 |       ||    17
       Dagger            |       |     5 |    36 |    20 ||    61
       Trident           |       |       |     3 |       ||     3
       Long sword        |       |       |       |     2 ||     2
       Rapier            |       |       |       |    16 ||    16
 Fire: Hunting sling     |       |    48 |     3 |       ||    51
Throw: Stone             |       |    15 |    11 |       ||    26
       Dart              |       |     3 |    10 |     8 ||    21
       Throwing net      |       |       |       |     2 ||     2
Invok: Stomp             |       |       |     3 |     4 ||     7
Evoke: Wand              |       |       |     4 |    28 ||    32
  Use: Potion            |     4 |     6 |     4 |     6 ||    20
       Scroll            |     3 |     3 |     8 |     9 ||    23
 Stab: Sleeping          |     8 |     6 |     8 |    12 ||    34
       Paralysed         |       |       |    13 |    28 ||    41
       Distracted        |       |       |     3 |     4 ||     7
       Invisible         |       |       |       |     4 ||     4
       Held in net/web   |       |       |       |     2 ||     2
Armor: Robe              |    17 |    16 |    46 |    21 ||   100
       Steam dragon scal |       |       |       |    15 ||    15
       Chain mail        |       |       |       |     4 ||     4
Dodge: Dodged            |    82 |   110 |   329 |   265 ||   786
Block: Buckler           |       |       |   101 |   107 ||   208
       Rpst.: Long sword |       |       |       |     2 ||     2
